 Dungeon Crawl Stone Soup version 0.20.1-1-g8b1a95d (webtiles) character file.

395 Mesmaeker13 the Chiller (level 6, -4/32 HPs)
             Began as a Deep Elf Ice Elementalist on Aug 16, 2017.
             Was an Initiate of Kikubaaqudgha.
             Killed from afar by an orc wizard (5 damage)
             ... with a magic dart
             ... on level 4 of the Dungeon.
             The game lasted 00:09:48 (4561 turns).

Mesmaeker13 the Chiller (Deep Elf Ice Elementalist) Turns: 4561, Time: 00:09:49

Health: -4/32      AC:  4    Str:  7    XL:     6   Next: 52%
Magic:  11/15      EV: 15    Int: 20    God:    Kikubaaqudgha [......]
Gold:   79         SH:  0    Dex: 15    Spells: 5/15 levels left

rFire    . . .     SeeInvis .   j - +2 dagger (venom)
rCold    . . .     Gourm    .   (no shield)
rNeg     . . .     Faith    .   a - +0 robe
rPois    .         Spirit   .   (no helmet)
rElec    .         Reflect  .   t - +0 cloak
rCorr    .         Harm     .   e - +0 pair of gloves
MR       .....                  (no boots)
Stlth    ++........             (no amulet)
Regen    0.1/turn               (no ring)
MPRegen  0.2/turn               (no ring)

@: no status effects
A: no striking features
a: Renounce Religion


You were on level 4 of the Dungeon.
You worshipped Kikubaaqudgha.
Kikubaaqudgha was noncommittal.
You were not hungry.

You visited 1 branch of the dungeon, and saw 4 of its levels.

You collected 79 gold pieces.

Inventory:

Hand Weapons
 j - a +2 dagger of venom (weapon)
Armour
 a - a +0 robe (worn)
 e - a +0 pair of gloves (worn)
 t - a +0 cloak (worn)
Scrolls
 d - a scroll of remove curse
 g - a scroll of blinking {unknown}
 k - 2 scrolls of recharging
 l - a scroll of fog {unknown}
 o - a scroll of fear {unknown}
 p - a scroll of enchant armour {unknown}
 q - a scroll of teleportation {unknown}
Potions
 h - 2 potions of lignification
 i - 2 potions of ambrosia
 m - a potion of heal wounds {unknown}
 n - a potion of mutation {unknown}
 r - a potion of curing {unknown}
Books
 b - a book of Frost

   Spells                             Type                      Level
   a - Freeze                         Ice                          1
   b - Throw Frost                    Conjuration/Ice              2
   c - Ozocubu's Armour               Charms/Ice                   3
   d - Throw Icicle                   Conjuration/Ice              4
   e - Summon Ice Beast               Ice/Summoning                4
Comestibles
 c - 2 bread rations
 f - 12 fruits
 s - 7 chunks of flesh


   Skills:
 + Level 4.7 Dodging
 - Level 2.4 Stealth
 - Level 5.0 Spellcasting
 + Level 3.6 Conjurations
 + Level 5.2 Ice Magic


You had 5 spell levels left.
You knew the following spells:

 Your Spells              Type           Power        Failure   Level  Hunger
a - Freeze                Ice            ####         1%          1    None
b - Throw Frost           Conj/Ice       ###...       2%          2    None
c - Ozocubu's Armour      Chrm/Ice       ###.....     12%         3    ##.....
d - Throw Icicle          Conj/Ice       ###.....     19%         4    ####...


Dungeon Overview and Level Annotations

Branches:
Dungeon (4/15)
 Temple: D:4-7

Altars:
Cheibriados
Dithmenos
Elyvilon
Fedhas
Kikubaaqudgha

Annotations:
D:3 Liatris's ghost, weakling DsGl


Message History

Confirm with . or Enter, or press ? or * to list all spells.
Aiming: Freeze
Press: ? - help, Shift-Dir - straight line, f/p - orc wizard
Aim: an orc wizard, wielding a dagger and wearing a robe (fast)
You freeze the orc wizard.
The orc wizard is heavily wounded.
The gnoll barely misses you.
The orc wizard mumbles some strange words.
The orc wizard blinks!
The orc wizard casts a spell at you. The magic dart hits you!
* * * LOW HITPOINT WARNING * * *
The orc wizard mumbles some strange words.
The orc wizard blinks!
The gnoll hits you from afar with a spear.
* * * LOW HITPOINT WARNING * * *
The orc wizard gestures at you while chanting.
The magic dart hits you!
You die...
Kikubaaqudgha rasps: "You have failed me!
Welcome... death!"

########
#......############
#....@.........#
###<##.o.......#######
####..g§.....#......
#.........#...[..
#####..#.##......
#...#(##......
#..#.#..#...g..
#.##§.#........ ...
##.h.....o.)


You could see an orc wizard and a gnoll.

Vanquished Creatures
  A water moccasin skeleton (D:4)
  A gnoll shaman (D:4)
  2 orc wizards (D:3)
  Jessica (D:2)
  2 iguanas (D:4)
  5 gnolls
  4 adders
  2 oozes
  A worm (D:2)
  A dart slug (D:1)
  4 leopard geckos (D:3)
  10 orcs
  A giant cockroach (D:2)
  12 goblins
  7 hobgoblins
  A quokka (D:4)
  3 ball pythons (D:2)
  12 bats
  3 frilled lizards
  3 kobolds
  9 rats
85 creatures vanquished.

Notes
Turn   | Place    | Note
-------+----------+-------------------------------------------
     0 | D:1      | Mesmaeker13 the Deep Elf Ice Elementalist began the quest for the Orb.
     0 | D:1      | Reached XP level 1. HP: 10/10 MP: 6/6
   247 | D:1      | Reached XP level 2. HP: 9/15 MP: 2/8
   609 | D:1      | Reached XP level 3. HP: 17/19 MP: 6/9
   885 | D:2      | Learned a level 2 spell: Throw Frost
  1191 | D:2      | Noticed Jessica
  1212 | D:2      | Killed Jessica
  1212 | D:2      | Reached XP level 4. HP: 23/24 MP: 5/11
  1880 | D:2      | Found a blossoming altar of Fedhas.
  2525 | D:3      | Noticed Liatris's ghost (weakling DsGl)
  2537 | D:3      | Reached XP level 5. HP: 28/28 MP: 6/13
  2830 | D:4      | Learned a level 3 spell: Ozocubu's Armour
  3552 | D:4      | Learned a level 4 spell: Throw Icicle
  3997 | D:4      | Reached XP level 6. HP: 32/32 MP: 8/15
  3999 | D:4      | Reached skill level 5 in Ice Magic
  4160 | D:4      | Reached skill level 5 in Spellcasting
  4364 | D:3      | Found a white marble altar of Elyvilon.
  4374 | D:3      | Found an ancient bone altar of Kikubaaqudgha.
  4378 | D:3      | Became a worshipper of Kikubaaqudgha
  4384 | D:3      | Found a snail-covered altar of Cheibriados.
  4391 | D:3      | Found a shadowy altar of Dithmenos.
  4560 | D:4      | HP: 1/32 [gnoll/spear (6)]
  4561 | D:4      | Killed from afar by an orc wizard

Skill      XL: |  1  2  3  4  5  6 |
---------------+-------------------+-----
Dodging        | 3 4 |  4.7
Ice Magic      | 4 5 |  5.2
Conjurations   | 2 3 |  3.6
Spellcasting   | 4 5 |  5.0
Stealth        | |  2.4

Action                   |  1- 3 |  4- 6 || total
-------------------------+-------+-------++-------
Melee: Short sword       |    28 |     7 ||    35
       Dagger            |       |    12 ||    12
 Cast: Freeze            |    36 |    59 ||    95
       Throw Frost       |     6 |    45 ||    51
       Throw Icicle      |       |     8 ||     8
       Ozocubu's Armour  |       |     1 ||     1
  Use: Scroll            |     2 |     2 ||     4
 Stab: Sleeping          |     3 |       ||     3
  Eat: Chunk             |     1 |    12 ||    13
Armor: Robe              |    14 |    12 ||    26
Dodge: Dodged            |    31 |    75 ||   106
